 Dungeon Crawl Stone Soup version 0.28.0-53-g5a82cb258f (webtiles) character file.

Game seed: 9599957407939315795

23 PentaManta the Sneak (level 3, 0/19 HPs)
             Began as a Kobold Enchanter on June 16, 2022.
             Frozen to death by an endoplasm (5 damage)
             ... on level 2 of the Dungeon.
             The game lasted 00:02:35 (716 turns).

PentaManta the Sneak (Kobold Enchanter)              Turns: 716, Time: 00:02:36

Health: 0/19       AC:  2    Str:  5    XL:     3   Next: 12%
Magic:  4/7        EV: 15    Int: 18    God:
Gold:   13         SH:  0    Dex: 15    Spells: 2/7 levels left

rFire   . . .      SeeInvis .   e - +2 dagger (vamp)
rCold   . . .      Faith    .   (no shield)
rNeg    . . .      Spirit   .   b - +0 robe
rPois   .          Reflect  .   (no helmet)
rElec   .          Harm     .   (no cloak)
rCorr   .          Rampage  .   (no gloves)
Will    .....                   (no boots)
Stlth   ++++......              (no amulet)
HPRegen 0.06/turn               (no ring)
MPRegen 0.10/turn               (no ring)

@: no status effects
A: small, no large weapons, nightstalker 3
a: no special abilities


You were on level 2 of the Dungeon.
You visited 1 branch of the dungeon, and saw 2 of its levels.

You collected 13 gold pieces.

Inventory:

Hand Weapons
 a - a +1 dagger
 e - a +2 vampiric dagger (weapon)
Missiles
 h - 2 poisoned darts (quivered)
Armour
 b - a +0 robe (worn)
Scrolls
 g - a scroll of summoning {unknown}
Potions
 c - a potion of invisibility
 d - a potion of heal wounds {unknown}
 f - 2 potions of curing {unknown}


   Skills:
 - Level 1.3 Short Blades
 - Level 2.4 Dodging
 - Level 4.0 Stealth
 + Level 2.9 Spellcasting
 + Level 3.5 Hexes


You had 2 spell levels left.
You knew the following spells:

 Your Spells              Type           Power      Damage    Failure   Level
a - Ensorcelled Hibernat  Hex/Ice        18%        N/A       12%         2
b - Confusing Touch       Hex            15%        N/A       12%         3

Your spell library contained the following spells:

 Spells                   Type           Power      Damage    Failure   Level
 Beastly Appendage        Tmut           4%         N/A       17%         1
 Wereblood                Tmut           2%         N/A       26%         2
 Tukima's Dance           Hex            15%        N/A       12%         3
 Dazzling Flash           Conj/Hex       18%        N/A       24%         3
 Spider Form              Tmut/Pois      2%         N/A       45%         3


Dungeon Overview and Level Annotations

Branches:
Dungeon (2/15)

Altars:


Innate Abilities, Weirdness & Mutations

You are small and have problems with some larger weapons.
You are completely attuned to the shadows.


Message History

You see here a ball python corpse.
Something hits the plant.
The gnoll hits the plant with a +0 spear!
The plant begins to die.
Something hits the plant.
The plant begins to die.
There is a stone staircase leading up here.
You climb upwards.
There is a stone staircase leading down here.
This spell is extremely dangerous to cast!
Memorise Confusing Touch, consuming 3 spell levels and leaving 2?
You start memorising the spell.
You continue memorising. x3
You finish memorising.
Spell assigned to 'b'.
Casting: Ensorcelled Hibernation (safe; 12% risk of failure)
Confirm with . or Enter, or press ? or * to list all spells.
The spell is extremely dangerous to miscast (12% risk of failure)!
Continue anyway?
Your hands begin to glow red.
You climb downwards.
The gnoll hits you but does no damage. The endoplasm misses you.
The gnoll hits you with a +0 whip. The gnoll hits you but does no damage.
The endoplasm hits you.
There is a stone staircase leading up here.
You hit the gnoll but do no damage.
The gnoll appears confused.
The gnoll misses you. The gnoll hits you with a +0 club.
The gnoll hits itself with a +0 club.
The endoplasm freezes you.
You are frozen.
Unknown command.
You hit the gnoll but do no damage.
The gnoll is moderately wounded.
The gnoll hits you with a +0 whip. The endoplasm freezes you.
You are frozen.
* * * LOW HITPOINT WARNING * * *
Unknown command.
You hit the gnoll.
You feel better.
The gnoll is moderately wounded.
The gnoll closely misses you.
The gnoll hits the gnoll with a +0 club.
The endoplasm freezes you.
You are frozen.
You die...

......#.......
......#........
...............
.............#
.............#
.............#
......##.....#
#####.##...g.#
#.##..@g.#
##.##...J.#
##.........#
#...#......#
#####.######
..# ####


You could see 2 gnolls and an endoplasm.

Vanquished Creatures
  A bat (D:1)
  3 endoplasms (D:1)
  A giant cockroach (D:1)
  3 goblins (D:1)
  2 kobolds (D:1)
  A quokka (D:1)
  3 ball pythons
  4 frilled lizards (D:1)
  4 rats (D:1)
22 creatures vanquished.

Vanquished Creatures (others)
  9 plants (D:2)
9 creatures vanquished.

Grand Total: 31 creatures vanquished

Notes
Turn   | Place    | Note
-------+----------+-------------------------------------------
     0 | D:1      | PentaManta the Kobold Enchanter began the quest for the
                  | Orb.
     0 | D:1      | Reached XP level 1. HP: 10/10 MP: 3/3
   185 | D:1      | Reached XP level 2. HP: 15/15 MP: 5/5
   267 | D:1      | Learned a level 2 spell: Ensorcelled Hibernation
   367 | D:1      | Reached XP level 3. HP: 19/19 MP: 7/7
   711 | D:1      | Learned a level 3 spell: Confusing Touch
   716 | D:2      | Frozen to death by an endoplasm

Illustrated notes

Levels and vault maps discovered:
D:1:      dpeg_arrival_line_fractal, layout_basic
D:2:      layout_basic, nicolae_grassy_gnolls

Action                   || total
-------------------------++-------
Melee: Dagger            ||    37
 Cast: Confusing Touch   ||     1
 Stab: Sleeping          ||    15
Armor: Robe              ||     3
Dodge: Dodged            ||    14
